 Dungeon Crawl Stone Soup version 0.26-a0-863-g3bff4b215c (webtiles) character file.

Game seed: 10527825731000020260

51 lunkers the Grave Robber (level 3, 0/24 HPs)
             Began as a Vampire Necromancer on Nov 25, 2020.
             Slain by an orc wizard
             ... wielding a +0 dagger
              (3 damage)
             ... on level 2 of the Dungeon.
             The game lasted 00:01:12 (411 turns).

lunkers the Grave Robber (Vampire Necromancer)       Turns: 411, Time: 00:01:13

Health: 0/24       AC:  2    Str:  7    XL:     3   Next: 57%
Magic:  1/7        EV: 12    Int: 18    God:
Gold:   17         SH:  0    Dex: 14    Spells: 6/7 levels left

rFire    . . .     SeeInvis +   b - +0 whip
rCold    . . .     Faith    .   (no shield)
rNeg     . . .     Spirit   .   a - +0 robe
rPois    .         Reflect  .   (no helmet)
rElec    .         Harm     .   (no cloak)
rCorr    .         Rampage  .   (no gloves)
MR       .....                  (no boots)
Stlth    ++........             (no amulet)
HPRegen  0.28/turn              (no ring)
MPRegen  0.10/turn              (no ring)

@: regenerating quickly, slowed, very slow
A: fangs 3, see invisible, unbreathing
a: Exsanguinate


You were on level 2 of the Dungeon.
You visited 1 branch of the dungeon, and saw 2 of its levels.

You collected 17 gold pieces.

Inventory:

Hand Weapons
 b - a +0 whip (weapon)
Armour
 a - a +0 robe (worn)
Scrolls
 c - a scroll of amnesia {unknown}
 d - a scroll of enchant armour {unknown}


   Skills:
 - Level 2.1 Dodging
 - Level 3.0 Stealth
 + Level 2.6 Spellcasting
 * Level 5.4 Necromancy


You had 6 spell levels left.
You knew the following spells:

 Your Spells              Type           Power        Failure   Level
a - Pain                  Necr           ###.         1%          1

Your spell library contained the following spells:

 Spells                   Type           Power        Failure   Level
 Animate Skeleton         Necr           ###...       1%          1
 Vampiric Draining        Necr           ###.......   5%          3
 Animate Dead             Necr           ###.......   19%         4
 Agony                    Necr           ###.....     45%         5


Dungeon Overview and Level Annotations

Branches:
Dungeon (1/15)

Altars:


Innate Abilities, Weirdness & Mutations

Your natural rate of healing is unusually fast.
You have razor-sharp teeth.
You have supernaturally acute eyesight. (SInv)
You can survive without breathing.


Message History

Casting: Pain (safe; 1% risk of failure)
Confirm with . or Enter, or press ? or * to list all spells.
Okay, then.
You closely miss the orc.
The orc is severely wounded.
The orc shouts!
The orc barely misses you. The orc hits you but does no damage.
Unknown command.
You hit the orc but do no damage.
The orc is severely wounded.
Unknown command.
Casting: Pain (safe; 1% risk of failure)
Confirm with . or Enter, or press ? or * to list all spells.
Aiming: Pain (safe; 1% risk of failure)
Press: ? - help, Shift-Dir - straight line, f/p - orc wizard
Aim: an orc wizard, wielding a +0 dagger and wearing a +0 robe (lightly wounded, fast, chance to defeat MR: 81%)
The orc wizard writhes in agony.
* * * LOW MAGIC WARNING * * *
The orc wizard hits you with a +0 dagger.
You die...

#.#.#
#......o.o.#
#.#.#
##..########
#.#.# #..# #.#.#
#..# #######.#.#
#..# ..........#
#†.# #######.#.#
#..#
#####.#÷######..#
.........@ooo...#
#######)#######.#
#.........#
###########


You could see an orc wizard (fast) and 2 orcs.

Vanquished Creatures
  An orc wizard (D:2)
  An adder (D:2)
  An orc (D:2)
  A goblin (D:2)
  A hobgoblin (D:2)
  4 jackals (D:2)
  A frilled lizard (D:1)
  2 rats
12 creatures vanquished.

Notes
Turn   | Place    | Note
-------+----------+-------------------------------------------
     0 | D:1      | lunkers the Vampire Necromancer began the quest for the
                  | Orb.
     0 | D:1      | Reached XP level 1. HP: 13/13 MP: 3/3
    83 | D:1      | You fall into a shaft and drop 1 floor!
   109 | D:2      | Reached XP level 2. HP: 17/19 MP: 1/5
   295 | D:2      | Reached skill level 5 in Necromancy
   380 | D:2      | Reached XP level 3. HP: 20/24 MP: 0/6
   411 | D:2      | Slain by an orc wizard

Illustrated notes

Levels and vault maps discovered:
D:1:      dpeg_arrival_tiny_k, layout_loops_ring
D:2:      layout_loops_ring, marbit_many_paths, nicolae_overflow_hidden_temple

Skill      XL: |  1  2 |
---------------+-------+-----
Necromancy     | 5 |  5.4
Dodging        | |  2.1
Stealth        | |  3.0
Spellcasting   | |  2.6

Action                   || total
-------------------------++-------
Melee: Whip              ||    10
 Cast: Pain              ||    29
Armor: Robe              ||     6
Dodge: Dodged            ||    17

Table legend: (Time is in decaauts)
 A = Elapsed time spent in this place.
 B = Non-inter-level travel time spent in this place.
 C = Inter-level travel time spent in this place.
 D = Time resting spent in this place.
 E = Time spent auto-exploring this place.
 F = Levels seen in this place.
 G = Mean time per level.
                   A        B        C        D        E       F      G
               +--------+--------+--------+--------+--------+-----+--------+
         Total |    421 |    421 |      0 |     25 |    274 |   2 |  210.5 |
       Dungeon |    421 |    421 |      0 |     25 |    274 |   2 |  210.5 |
               +--------+--------+--------+--------+--------+-----+--------+

Top non-repeatable levels by time:
     D:2: 338 daAuts
     D:1: 83 daAuts
